 Dungeon Crawl Stone Soup version 0.22.1-2-g9c5b331383 (webtiles) character file.

1502 Peloso the Slasher (level 8, -3/69 HPs)
             Began as a Minotaur Fighter on Dec 22, 2018.
             Slain by Pikel
             ... wielding a +0 whip of electrocution
              (11 damage)
             ... on level 6 of the Dungeon.
             The game lasted 00:10:35 (5017 turns).

Peloso the Slasher (Minotaur Fighter)               Turns: 5017, Time: 00:10:36

Health: -3/69      AC: 11    Str: 21    XL:     8   Next: 52%
Magic:  7/7        EV:  9    Int:  5    God:
Gold:   315        SH: 12    Dex: 12    Spells: 7/7 levels left

rFire    x . .     SeeInvis .   a - +1 long sword
rCold    + . .     Gourm    .   c - +1 shield
rNeg     . . .     Faith    .   b - +0 scale mail
rPois    .         Spirit   .   (helmet restricted)
rElec    .         Reflect  .   n - +0 cloak
rCorr    +         Harm     .   h - +1 pair of gloves
MR       .....                  (no boots)
Stlth    ..........             (no amulet)
HPRegen  0.21/turn              g - ring of ice
MPRegen  0.10/turn              e - ring of resist corrosion

@: no status effects
A: retaliatory headbutt, horns 2
a: no special abilities


You were on level 6 of the Dungeon.
You were not hungry.

You visited 1 branch of the dungeon, and saw 6 of its levels.
You also visited: Sewer.

You collected 315 gold pieces.

Inventory:

Hand Weapons
 a - a +1 long sword (weapon)
Armour
 b - a +0 scale mail (worn)
 c - a +1 shield (worn)
 h - a +1 pair of gloves (worn)
 n - a +0 cloak (worn)
Jewellery
 e - a ring of resist corrosion (right hand)
 g - a ring of ice (left hand)
 p - an uncursed ring of wizardry
Scrolls
 j - 2 scrolls of amnesia
 m - 3 scrolls of enchant weapon
 r - 2 scrolls of blinking
 s - a scroll of remove curse
 t - a scroll of noise
 u - a scroll of random uselessness {unknown}
Potions
 d - 4 potions of might
 i - 5 potions of curing
 k - a potion of flight {unknown}
 l - 4 potions of haste
 o - a potion of invisibility
 q - a potion of heal wounds
Comestibles
 f - 8 rations


   Skills:
 + Level 5.4 Fighting
 + Level 7.6 Long Blades
 + Level 7.1 Armour
 + Level 2.9 Dodging
 + Level 7.4 Shields


You had 7 spell levels left.
You didn't know any spells.
Your spell library was empty.

Dungeon Overview and Level Annotations

Branches:
Dungeon (6/15)
 Temple: D:4-7

Altars:
Gozag
Nemelex Xobeh
Wu Jian

Annotations:
D:6 Pikel


Innate Abilities, Weirdness & Mutations

You reflexively headbutt those who attack you in melee.
You have a pair of horns on your head.


Message History

Pikel is lightly wounded.
You closely miss Pikel. Your headbutt misses Pikel.
Pikel is lightly wounded.
Pikel hits you with a whip of electrocution.
You miss Pikel. Your headbutt misses Pikel.
Pikel is lightly wounded.
Pikel hits you with a whip of electrocution.
Pikel hits you but does no damage.
You are electrocuted!
You closely miss Pikel. Your headbutt misses Pikel.
Pikel is lightly wounded.
Pikel hits you with a whip of electrocution.
You are electrocuted!
* * * LOW HITPOINT WARNING * * *
You closely miss Pikel.
Pikel is lightly wounded.
You block Pikel's attack.
You closely miss Pikel.
Pikel is lightly wounded.
Pikel hits you with a whip of electrocution!
You die...

##### #...#
###########...#
.......@Kppp..#
###########...##
#...p.<....#
#......p(..#
#..........#
....K..........
....p..........
............####
#.>.####.#..#


You could see Pikel and 3 slaves.

Vanquished Creatures
  A slave (D:6)
  A phantom (D:5)
  4 ogres
  Blork the orc (D:5)
  2 bullfrogs (Sewer)
  A scorpion (D:4)
  2 howler monkeys
  3 crimson imps
  A centaur zombie (D:5)
  A bullfrog zombie (D:5)
  2 quasits
  An orc priest (D:5)
  2 hounds
  An iguana (D:3)
  A worker ant (D:4)
  A hound zombie (D:5)
  7 gnolls
  9 adders
  A river rat (D:4)
  13 oozes
  2 worms
  An adder skeleton (D:5)
  3 dart slugs
  13 leopard geckos
  6 orcs
  9 ball pythons (Sewer)
  23 giant cockroaches
  13 goblins
  A hobgoblin (D:1)
  8 jackals
  7 kobolds
  A quokka (D:5)
  A ball python skeleton (D:4)
  4 bats
  12 frilled lizards
  A jackal zombie (D:5)
  9 rats
169 creatures vanquished.

Notes
Turn   | Place    | Note
-------+----------+-------------------------------------------
     0 | D:1      | Peloso the Minotaur Fighter began the quest for the Orb.
     0 | D:1      | Reached XP level 1. HP: 19/19 MP: 0/0
   263 | D:1      | Reached XP level 2. HP: 22/27 MP: 1/1
   992 | D:2      | Reached XP level 3. HP: 33/33 MP: 2/2
  1294 | D:2      | Reached XP level 4. HP: 39/40 MP: 3/3
  1620 | D:3      | Reached skill level 5 in Armour
  1723 | D:3      | Reached XP level 5. HP: 45/46 MP: 4/4
  1805 | D:3      | Reached skill level 1 in Dodging
  1993 | D:3      | Reached skill level 5 in Shields
  2379 | D:4      | Noticed an ogre
  2405 | D:4      | Killed an ogre
  2405 | D:4      | Reached XP level 6. HP: 5/52 MP: 5/5
  2680 | D:4      | Found a glowing drain.
  2685 | Sewer    | Entered a sewer
  3230 | Sewer    | Reached XP level 7. HP: 60/60 MP: 6/6
  3254 | Sewer    | Reached skill level 5 in Long Blades
  3830 | D:4      | Found an ornate altar of the Wu Jian Council.
  4023 | D:5      | Entered Level 5 of the Dungeon
  4234 | D:5      | Reached XP level 8. HP: 52/67 MP: 7/7
  4296 | D:5      | Found a sparkling altar of Nemelex Xobeh.
  4356 | D:5      | Reached skill level 5 in Fighting
  4561 | D:5      | Found an opulent altar of Gozag.
  4599 | D:5      | Noticed Blork the orc
  4609 | D:5      | Killed Blork the orc
  4981 | D:6      | Noticed Pikel
  5017 | D:6      | Slain by Pikel

Skill      XL: |  1  2  3  4  5  6  7  8 |
---------------+-------------------------+-----
Armour         | 4 5 6 7 |  7.1
Shields        | 4 5 6 7 |  7.4
Fighting       | 4 5 |  5.4
Long Blades    | 3 4 6 7 |  7.6
Dodging        | 1 2 |  2.9

Action                   |  1- 3 |  4- 6 |  7- 9 || total
-------------------------+-------+-------+-------++-------
Melee: Long sword        |    98 |   198 |   197 ||   493
       Headbutt          |    12 |    28 |    40 ||    80
  Use: Scroll            |       |     8 |     5 ||    13
  Eat: Chunk             |       |     8 |     6 ||    14
Armor: Scale mail        |    50 |   150 |    69 ||   269
Dodge: Dodged            |    26 |   115 |    66 ||   207
Block: Shield            |    67 |   171 |   131 ||   369
       Rpst.: Long sword |     5 |    27 |    16 ||    48
